 Dungeon Crawl Stone Soup version 0.23-a0-419-g0174fd8 (webtiles) character file.

44 qvsushi the Caller (level 3, -2/19 HPs)
             Began as a Deep Elf Summoner on Nov 11, 2018.
             Slain by a wight
             ... wielding a +0 flail
              (14 damage)
             ... on level 2 of the Dungeon.
             The game lasted 00:22:09 (2018 turns).

qvsushi the Caller (Deep Elf Summoner)              Turns: 2018, Time: 00:22:09

Health: -2/19      AC:  4    Str:  5    XL:     3   Next: 39%
Magic:  7/10       EV: 13    Int: 20    God:
Gold:   67         SH:  0    Dex: 15    Spells: 4/10 levels left

rFire    . . .     SeeInvis .   (no weapon)
rCold    . . .     Gourm    .   (no shield)
rNeg     . . .     Faith    .   a - +1 robe
rPois    .         Spirit   .   (no helmet)
rElec    .         Reflect  .   (no cloak)
rCorr    .         Harm     .   i - +0 pair of gloves
MR       .....                  (no boots)
Stlth    ++........             (no amulet)
HPRegen  0.06/turn              (no ring)
MPRegen  0.12/turn              (no ring)

@: no status effects
A: no striking features
a: no special abilities


You were on level 2 of the Dungeon.
You were not hungry.

You visited 1 branch of the dungeon, and saw 2 of its levels.

You collected 67 gold pieces.

Inventory:

Armour
 a - a +1 robe (worn)
 i - a +0 pair of gloves (worn)
Scrolls
 d - a scroll of fog
 h - a scroll of amnesia
Potions
 e - a potion of brilliance {unknown}
 k - a potion of flight {unknown}
Comestibles
 c - 5 rations


   Skills:
 + Level 0.1 Fighting
 + Level 2.6 Dodging
 + Level 2.7 Stealth
 + Level 4.1 Spellcasting
 + Level 4.9 Summonings


You had 4 spell levels left.
You knew the following spells:

 Your Spells              Type           Power        Failure   Level  Hunger
a - Summon Small Mammal   Summ           ###.         1%          1    None
b - Call Imp              Summ           ###.....     2%          2    #......
d - Call Canine Familiar  Summ           ###.....     4%          3    ###....

Your spell library contained the following spells:

 Spells                   Type           Power        Failure   Level  Hunger
 Summon Guardian Golem    Hex/Summ       ##......     14%         3    ###....
 Summon Ice Beast         Ice/Summ       ##......     41%         4    ####...
 Summon Lightning Spire   Summ/Air       ##......     41%         4    ####...


Dungeon Overview and Level Annotations

Branches:
Dungeon (2/15)

Altars:
Dithmenos
Qazlal
Sif Muna

Annotations:
D:2 1 transporter


Message History

f - a potion of degeneration As you open the door, it creaks loudly!
You drop a potion of degeneration.
You see here a cursed -1 club.
You see here a stone.
Partly explored, unvisited transporter.
Partly explored, unvisited transporter.
There is a transporter here.
You enter the transporter and appear at another place.
The goblin shouts!
The gnoll shouts!
The centaur shouts!
The centaur wields a shortbow.
The centaur shoots an arrow.
The arrow hits you. The worm bites you.
Casting: Call Imp (safe; 2% risk of failure)
Confirm with . or Enter, or press ? or * to list all spells.
Okay, then.
Casting: Call Imp (safe; 2% risk of failure)
Confirm with . or Enter, or press ? or * to list all spells.
The wight hits you with a flail!
Ouch! That really hurt!
You die...

..#.# #.# #..# #..######.#
....# #.# #..###.......#.#
..### ###.###............#.#
#.# #.......#########....#
#.# #.####.##...©...##..##
#.#####.####.#8.#...#.8#...#
#..........#.#.h.#.#.($#.#.#
..#####......#.w.....).#...#
#.## #.##..©#.z@gg..c_#©..#
##.# #......#.......($#..##
#.## #.#..#.#...#.#.($#.##
.## #.#.##.#8.#...#.8#.#
.### #.#.##.##.......##.#
...# #.......#########..#
...# ###.###...........##
...# #.# ############# ...#
#.#


You could see a centaur, a worm, a wight, a gnoll, a goblin and a friendly
hound.

Vanquished Creatures (collateral kills)
  An adder (D:2)
  An ooze (D:1)
  A dart slug (D:2)
  2 leopard geckos
  2 orcs (D:2)
  2 ball pythons (D:1)
  3 bats
  8 goblins
  5 hobgoblins
  11 jackals
  2 frilled lizards (D:2)
  6 kobolds
  5 rats
49 creatures vanquished.

Notes
Turn   | Place    | Note
-------+----------+-------------------------------------------
     0 | D:1      | qvsushi the Deep Elf Summoner began the quest for the Orb.
     0 | D:1      | Reached XP level 1. HP: 10/10 MP: 6/6
   384 | D:1      | Reached XP level 2. HP: 11/15 MP: 2/8
   441 | D:1      | Learned a level 2 spell: Call Imp
  1023 | D:2      | Found a shadowy altar of Dithmenos.
  1043 | D:2      | Found a transporter.
  1120 | D:2      | Found a stormy altar of Qazlal.
  1121 | D:2      | Noticed a centaur
  1121 | D:2      | Noticed a wight
  1140 | D:2      | Found a transporter.
  1319 | D:2      | Reached XP level 3. HP: 15/19 MP: 3/10
  1374 | D:2      | Found a deep blue altar of Sif Muna.
  1477 | D:2      | Learned a level 3 spell: Summon Guardian Golem
  1481 | D:2      | Learned a level 3 spell: Call Canine Familiar
  2018 | D:2      | Slain by a wight

Vault maps used:
D:1:      wheals_arrival_linesprint, minmay_curled_crystal
D:2:      lemuel_crystal_altar, gammafunk_temple_overflow_arena,
          lemuel_doored_altar, minmay_misc_feat_enclosed

Skill      XL: |  1  2  3 |
---------------+----------+-----
Spellcasting   | 4 |  4.1
Fighting       | |  0.1
Dodging        | |  2.6
Stealth        | |  2.7
Summonings     | |  4.9

Action                   || total
-------------------------++-------
Melee: Unarmed           ||     2
 Cast: Summon Small Mamm ||    54
       Call Imp          ||    19
       Call Canine Famil ||     6
       Summon Guardian G ||     2
  Use: Scroll            ||     5
  Eat: Chunk             ||     3
       Ration            ||     1
Armor: Robe              ||    10
Dodge: Dodged            ||    39

Table legend:
 A = Non-vault XP
 B = Vault XP
 C = Vault XP percentage of total XP
 D = Non-vault monster count
 E = Vault monster count
 F = Vault count percentage of total count
                 A         B        C        D         E       F
            +---------+---------+-------+---------+---------+-------
      Total |      63 |       0 |   0.0 |      49 |       0 |   0.0
            +---------+---------+-------+---------+---------+-------
        D:1 |      26 |       0 |   0.0 |      22 |       0 |   0.0
        D:2 |      37 |       0 |   0.0 |      27 |       0 |   0.0
            +---------+---------+-------+---------+---------+-------
